 Dungeon Crawl Stone Soup version 0.26-a0-652-gafc20e3620 (webtiles) character file.

Game seed: 11591035899388025572

98707 DoubleLucky the Convoker (level 16, -6/92 HPs)
             Began as a Tengu Summoner on Oct 4, 2020.
             Was the Champion of Hepliaklqana.
             Hit by a boomerang thrown by a merfolk (19 damage)
             ... on level 2 of the Shoals.
             The game lasted 05:32:17 (46920 turns).

DoubleLucky the Convoker (Tengu Summoner)          Turns: 46920, Time: 05:32:17

Health: -6/92      AC: 12    Str:  9    XL:     16   Next: 23%
Magic:  12/33      EV: 25    Int: 22    God:    Hepliaklqana [******]
Gold:   236        SH:  7    Dex: 17    Spells: 10/39 levels left

rFire    + + +     SeeInvis +   p - +9 spear
rCold    + + .     Faith    .   V - +2 buckler
rNeg     . . .     Spirit   .   Q - +4 steam dragon scales
rPois    +         Reflect  .   y - +2 hat {MR+}
rElec    +         Harm     .   Z - scarf {rC+ rF+}
rCorr    +         Rampage  .   T - +0 pair of gloves
MR       ++...                  (boots unavailable)
Stlth    ++........             e - amulet of magic regeneration
HPRegen  0.25/turn              J - ring of Qedughar {rElec rC+ rCorr}
MPRegen  0.48/turn              C - ring of Kusuon {rPois rF++ Dex+2 SInv}

@: flying quickly and evasively, quick
A: reduced essence, beak, talons 3, able to fly
a: Stop Flying, Recall Ancestor, Ancestor Identity, Transference, Idealise,
Renounce Religion


You were on level 2 of the Shoals.
You worshipped Hepliaklqana.
Hepliaklqana was exalted by your worship.
You visited 7 branches of the dungeon, and saw 28 of its levels.

You collected 2382 gold pieces.
You spent 2146 gold pieces at shops.

Inventory:

Hand Weapons
 p - a +9 spear (weapon)
Missiles
 h - 43 poisoned darts
 R - 3 curare-tipped darts (quivered)
 Y - 2 throwing nets
Armour
 r - a scarf of harm
 y - a +2 hat of magic resistance (worn)
 Q - +4 steam dragon scales (worn)
 T - a +0 pair of gloves (worn)
 V - a +2 buckler (worn)
 Z - a scarf of resistance (worn)
Jewellery
 a - an uncursed ring of fire
 e - an amulet of magic regeneration (around neck)
 f - a +4 ring of protection {unknown}
 i - an uncursed ring of stealth {unknown}
 C - the ring of Kusuon (right hand) {rPois rF++ Dex+2 SInv}
   (You bought it in a shop on level 1 of the Orcish Mines)

   [ring of see invisible]

   It affects your dexterity (+2).
   It greatly protects you from fire.
   It protects you from poison.
   It lets you see invisible.
 E - an uncursed amulet of regeneration
 H - an uncursed ring of positive energy
 I - a +4 ring of evasion
 J - the ring of Qedughar (left hand) {rElec rC+ rCorr}
   (You bought it in a shop on level 1 of the Orcish Mines)

   [ring of resist corrosion]

   It protects you from cold.
   It insulates you from electricity.
   It provides partial protection from all sources of acid and corrosion.
 L - an uncursed ring of wizardry
 X - an uncursed ring of magical power
Wands
 z - a wand of digging (1)
Scrolls
 k - 19 scrolls of remove curse
 o - a scroll of fear
 s - a scroll of blinking
 t - 5 scrolls of identify
 u - 7 scrolls of teleportation
 v - 3 scrolls of enchant armour
 w - 5 scrolls of amnesia
 G - a scroll of fog
 M - 2 scrolls of holy word
 N - a scroll of summoning {unknown}
 P - a scroll of immolation
 S - a scroll of magic mapping
Potions
 b - 4 potions of lignification
 d - 4 potions of curing
 g - 5 potions of mutation
 j - 2 potions of cancellation
 m - a potion of might
 n - 4 potions of brilliance
 x - 2 potions of stabbing
 K - 4 potions of haste
 U - a potion of magic
 W - 2 potions of berserk rage


   Skills:
 + Level 12.7 Fighting
 - Level 12.0 Polearms
 + Level 12.3 Dodging
 - Level 2.0 Stealth
 - Level 4.0 Shields
 + Level 12.0 Spellcasting
 + Level 15.4 Summonings
 - Level 3.2 Translocations
 - Level 4.0 Ice Magic
 - Level 6.0 Poison Magic


You had 10 spell levels left.
You knew the following spells:

 Your Spells              Type           Power        Failure   Level
a - Summon Small Mammal   Summ           ####         0%          1
b - Call Imp              Summ           ######..     0%          2
c - Call Canine Familiar  Summ           ######..     1%          3
d - Summon Guardian Gole  Hex/Summ       #####...     1%          3
e - Summon Ice Beast      Ice/Summ       ######..     1%          4
f - Sting                 Tmut/Pois      ####         1%          1
g - Mephitic Cloud        Conj/Pois/Air  ###.....     6%          3
h - Summon Lightning Spi  Summ/Air       #####...     1%          4
i - Shadow Creatures      Summ           N/A          1%          6
j - Blink                 Tloc           N/A          1%          2

Your spell library contained the following spells:

 Spells                   Type           Power        Failure   Level
 Apportation              Tloc           ####..       1%          1
 Ensorcelled Hibernation  Hex/Ice        ###...       3%          2
 Lesser Beckoning         Tloc           ####......   3%          3
 Summon Forest            Summ/Tloc      ######....   3%          5
 Animate Skeleton         Necr           ##....       4%          1
 Beastly Appendage        Tmut           ##....       4%          1
 Corona                   Hex            ##.....      4%          1
 Magic Dart               Conj           ##..         4%          1
 Pain                     Necr           ##..         4%          1
 Spider Form              Tmut/Pois      ####......   4%          3
 Corpse Rot               Necr/Air       N/A          8%          2
 Slow                     Hex            ##......     8%          2
 Wereblood                Tmut           ##......     8%          2
 Portal Projectile        Hex/Tloc       ###...       8%          3
 Summon Hydra             Summ           ######....   8%          7
 Conjure Flame            Conj/Fire      ##......     14%         3
 Inner Flame              Hex/Fire       ##......     14%         3
 Stone Arrow              Conj/Erth      ##....       14%         3
 Tukima's Dance           Hex            ##......     14%         3
 Vampiric Draining        Necr           ##........   14%         3
 Ice Form                 Ice/Tmut       ###.....     22%         4
 Alistair's Intoxication  Tmut/Pois      ####.....    36%         5
 Animate Dead             Necr           ##........   43%         4
 Cause Fear               Hex            ##........   43%         4
 Leda's Liquefaction      Hex/Erth       ##........   43%         4
 Agony                    Necr           ##......     80%         5
 Blade Hands              Tmut           ##........   80%         5
 Borgnjor's Vile Clutch   Necr/Erth      ##........   80%         5
 Irradiate                Conj/Tmut      ##........   80%         5
 Silence                  Hex/Air        ##........   80%         5
 Eringya's Noxious Bog    Tmut/Pois      ####......   91%         6
 Conjure Ball Lightning   Conj/Air       ##........   100%        6
 Hydra Form               Tmut           ##........   100%        6
 Invisibility             Hex            ##......     100%        6
 Statue Form              Tmut/Erth      ##.......    100%        6
 Dragon Form              Tmut           ##........   100%        7
 Dragon's Call            Summ           ######....   100%        9
 Tornado                  Air            ##........   100%        9


Dungeon Overview and Level Annotations

Branches:
Dungeon (15/15)            Temple (1/1) D:5            Lair (6/6) D:11
 Shoals (2/4) Lair:3        Snake (1/4) Lair:4        Slime (1/5) Lair:5
    Orc (2/2) D:10            Elf (0/3) Orc:2        Vaults (0/5) D:13
 Depths (0/5) D:15

Altars:
Ashenzari
Cheibriados
Dithmenos
Elyvilon
Fedhas
Gozag
Hepliaklqana
Kikubaaqudgha
Makhleb
Nemelex Xobeh
Okawaru
Qazlal
Ru
Sif Muna
Trog
Uskayaw
Vehumet
Wu Jian
Xom
Yredelemnul
Zin
The Shining One
Beogh
Jiyva

Shops:
D:11 (?*   Orc:1 =   Orc:2 *[:!

Annotations:
Lair:4 exclusion: orange crystal statue
Lair:5 2 transporters, kirranu's ghost, journeyman GrBe


Innate Abilities, Weirdness & Mutations

You have a beak for a mouth.
You have claws for feet.
You can fly continuously.
Your life essence is reduced to manifest your ancestor. (-10% HP)


Message History

Your merfolk javelineer throws a javelin.
The javelin pierces through the merfolk javelineer!
The merfolk javelineer dies!
You hear a splash. x3
The javelin pierces through the merfolk!!
Your merfolk dissolves into shadows!
The merfolk throws a boomerang.
The boomerang hits you!
* * * LOW HITPOINT WARNING * * *
Your crimson imp barely misses the merfolk.
Your ice beast hits the merfolk but does no damage.
Your merfolk javelineer hits the merfolk from afar with a cursed -1 spear!
Attack whom?
Press: ? - help, Dir - move target cursor, f - merfolk
Aim: a merfolk, wielding the +11 whip of Contention {vorpal, Stlth+} and quivering 5 boomerangs (almost dead)
You reach to attack!
You closely miss the merfolk.
The merfolk is almost dead.
The merfolk throws a boomerang.
The boomerang closely misses your ice beast.
The boomerang hits you!!
You die...

##....#..≈≈#(#)≈÷≈#≈≈≈(≈≈≈≈
#.....#.≈≈≈≈≈≈≈≈≈≈#..≈)≈≈≈≈
##.....##≈≈≈≈(≈≈≈≈##...≈≈≈≈≈
#.......##≈≈≈≈≈≈≈##.....≈≈≈≈
.#........#≈≈≈<≈≈≈#......≈≈≈≈
.........##≈≈≈≈≈≈≈##.....≈≈≈≈
........##≈≈mY5≈≈(≈##....≈≈≈≈
#........#.≈mmYm≈≈≈≈≈#≈≈≈≈≈≈≈≈
#...>....#..5@#'#≈≈(≈#≈≈≈≈≈≈≈≈
.........#(.8##(##≈≈≈#
##...≈...#####H≈≈#####
....≈≈≈.≈.......≈≈≈≈≈≈≈
..>.≈≈≈≈≈...m.m.≈≈≈≈≈≈≈
..≈....#(.P..P.≈≈≈≈≈≈≈≈
..P....>.....RP≈P≈≈≈≈≈≈
≈.P..P≈...[PPm≈≈≈≈≈≈≈≈≈
.P.P.≈≈≈.....≈≈≈≈≈≈≈≈≈≈


You could see a merfolk, a friendly merfolk javelineer (summoned), 2 friendly
merfolk, 2 friendly ice beasts, a friendly lightning spire (summoned) and 2
friendly crimson imps.

Vanquished Creatures
  Rupert (D:14)
  A stone giant (Orc:1)
  A fire dragon (D:15)
  Josephine (D:14)
  2 vault guards (D:13)
  2 hydras
  An ice dragon (D:15)
  2 centaur warriors
  A merfolk avatar (Shoals:1)
  An anaconda (Snake:1)
  2 two-headed ogres
  A tengu warrior (D:15)
  An orc high priest (Orc:1)
  A skeletal warrior (D:11)
  2 sea snakes (Shoals:1)
  A deep troll (Orc:2)
  An unseen horror (D:14)
  A naga ritualist (Snake:1)
  An orc knight (D:15)
  A mana viper (Snake:1)
  3 harpies
  2 wolf spider zombies
  A manticore (Shoals:2)
  2 deep elf magi
  A centaur zombie (D:15)
  4 ugly things
  2 cyclopes (D:14)
  An elephant (Shoals:2)
  2 guardian serpents (Snake:1)
  4 black mambas (Snake:1)
  A naga mage (Snake:1)
  A gargoyle (D:15)
  A kobold demonologist (D:15)
  2 cane toads
  A rime drake (D:15)
  2 komodo dragons
  4 trolls
  3 merfolk
  A polar bear (Lair:4)
  3 blink frogs (Lair:4)
  8 hippogriffs
  A slime creature (D:14)
  A spriggan (shapeshifter) (D:15)
  8 yaks
  A water elemental (Shoals:1)
  5 wraiths
  A fire elemental (D:13)
  A wyvern (Lair:4)
  2 basilisks
  A vampire mosquito (D:14)
  4 wargs
  3 nagas (Snake:1)
  3 water moccasins
  3 acid dragons
  A porcupine (Lair:2)
  6 orc warriors
  A hornet zombie (D:13)
  2 ice beasts
  A sky beast (D:15)
  2 ogres
  2 wolves (Lair:1)
  A phantom (D:3)
  9 centaurs
  3 crocodiles
  6 bullfrogs
  2 big kobolds
  A wyvern skeleton (D:15)
  2 scorpions
  10 killer bees
  6 wights
  An electric eel (D:6)
  4 hexers
  2 howler monkeys (D:13)
  2 centaur skeletons
  A bullfrog zombie (D:7)
  4 hounds
  3 bullfrog skeletons
  2 jellies
  A gnoll shaman (D:9)
  An orc priest (Orc:1)
  7 orc wizards
  An iguana (D:9)
  4 worker ants
  A hound zombie (D:8)
  A worker ant zombie (D:9)
  2 adders
  4 gnolls
  An ufetubus (D:6)
  An adder skeleton (D:9)
  An adder zombie (D:7)
  2 leopard geckos
  36 orcs
  A giant cockroach (D:4)
  3 goblins
  2 hobgoblins
  5 jackals
  3 quokkas
  A ball python (D:3)
  6 bats
  2 frilled lizards
  6 kobolds
  A quokka skeleton (D:4)
  A quokka zombie (D:8)
276 creatures vanquished.

Vanquished Creatures (collateral kills)
  Saint Roka (Orc:1)
  Jorgrun (Orc:2)
  Nessos (Lair:4)
  2 merfolk javelineers (Shoals:2)
  2 merfolk impalers (Shoals:2)
  2 naga warriors (Snake:1)
  3 vault guards (D:13)
  A merfolk avatar (Shoals:2)
  3 catoblepae
  An alligator snapping turtle (Shoals:1)
  11 hydras
  The ghost of ikjuyhgtrf the Geomancer, a journeyman GrEE of Vehumet (D:8)
  A centaur warrior (D:8)
  An anaconda (Snake:1)
  The ghost of Qipras the Destroyer, a journeyman GrFE of Vehumet (Lair:1)
  A satyr (Shoals:2)
  12 death yaks
  2 ogre magi (Orc:2)
  10 two-headed ogres
  Nergalle (Lair:4)
  2 skeletal warriors (D:11)
  An unseen horror (D:14)
  A sea snake (Shoals:2)
  A deep troll (Orc:1)
  2 wizards (D:13)
  A deep elf archer (D:14)
  3 harpies
  3 orc knights
  3 mana vipers (Snake:1)
  7 fauns
  2 cyclopes (Orc:2)
  An oklob plant (Lair:2)
  2 deep elf magi (D:14)
  4 ugly things
  6 manticores
  2 salamanders (Snake:1)
  5 black mambas
  6 elephants
  A water nymph (Shoals:2)
  A merfolk siren (Shoals:1)
  2 naga magi (Snake:1)
  A cane toad (shapeshifter) (D:14)
  A gargoyle (D:12)
  8 cane toads
  An efreet (D:12)
  A kobold demonologist (D:15)
  5 rime drakes
  A redback zombie (D:14)
  A freezing wraith (D:15)
  4 komodo dragons
  A merfolk (shapeshifter) (D:14)
  11 trolls
  2 meliai (Shoals:2)
  3 merfolk
  A wind drake (Shoals:1)
  The ghost of rayg00n the Caller, an amateur DsSu (D:5)
  3 hornets (D:8)
  5 blink frogs (Lair:4)
  7 slime creatures
  12 hippogriffs
  3 snapping turtles
  2 water elementals (D:15)
  5 wraiths
  24 yaks
  A vampire (D:10)
  A human (D:13)
  6 wyverns
  4 basilisks
  A steam dragon (D:11)
  5 nagas (Snake:1)
  8 wargs
  A soldier ant (D:13)
  9 water moccasins
  2 hell hounds (D:15)
  2 porcupines
  An ice beast (D:9)
  4 sky beasts
  23 orc warriors
  2 black bears
  32 ogres
  8 centaurs
  A wolf (Lair:1)
  4 crocodiles
  A big kobold (D:11)
  10 bullfrogs
  A gnoll sergeant (D:11)
  A wyvern zombie (D:7)
  4 scorpions
  A hexer (D:14)
  2 wyvern skeletons
  14 killer bees
  An electric eel (Lair:4)
  4 nameless horrors
  2 wights (D:15)
  3 howler monkeys
  A lava snake (D:13)
  A quasit (D:6)
  20 orc wizards
  4 centaur skeletons
  6 hounds
  A jelly (D:7)
  15 orc priests
  A bullfrog skeleton (D:9)
  Jessica (D:3)
  3 iguanas
  6 worker ants
  A hound zombie (D:10)
  2 hound skeletons
  A worker ant zombie (D:8)
  11 gnolls
  5 adders
  2 shadow imps
  2 white imps (D:6)
  An ufetubus (D:5)
  2 oozes
  An adder zombie (D:3)
  An adder skeleton (D:9)
  4 worms
  A dart slug (D:4)
  2 leopard geckos
  59 orcs
  2 ball pythons
  3 bats
  4 giant cockroaches
  7 goblins
  2 hobgoblins (D:1)
  8 jackals
  3 quokkas
  3 frilled lizards
  9 kobolds
  A leopard gecko zombie (D:6)
  10 rats
582 creatures vanquished.

Vanquished Creatures (others)
  A skeletal warrior (D:11)
  A wraith (D:14)
  61 hexers
  An ancestor (D:7)
  27 fungi
  59 plants
150 creatures vanquished.

Grand Total: 1008 creatures vanquished

Notes
Turn   | Place    | Note
-------+----------+-------------------------------------------
     0 | D:1      | DoubleLucky the Tengu Summoner began the quest for the Orb.
     0 | D:1      | Reached XP level 1. HP: 10/10 MP: 4/4
   208 | D:1      | Reached skill level 5 in Summonings
   208 | D:1      | Reached XP level 2. HP: 10/16 MP: 0/6
   925 | D:2      | Learned a level 2 spell: Call Imp
  1088 | D:2      | Reached XP level 3. HP: 20/20 MP: 7/7
  1093 | D:2      | Learned a level 3 spell: Call Canine Familiar
  1130 | D:2      | Reached skill level 1 in Fighting
  1257 | D:2      | Found a glowing silver altar of Zin.
  1303 | D:2      | Found a sacrificial altar of Ru.
  1304 | D:2      | Found a sparkling altar of Nemelex Xobeh.
  1306 | D:2      | Found an ancient bone altar of Kikubaaqudgha.
  1308 | D:2      | Found a stormy altar of Qazlal.
  1310 | D:2      | Found a burning altar of Makhleb.
  2189 | D:3      | Reached skill level 1 in Polearms
  2424 | D:3      | Reached XP level 4. HP: 16/25 MP: 4/8
  2661 | D:3      | Gained mutation: You can fly continuously. [Tengu growth]
  2661 | D:3      | Reached XP level 5. HP: 30/30 MP: 4/10
  2978 | D:3      | Found a hide-covered altar of Uskayaw.
  3017 | D:3      | Noticed Jessica
  3033 | D:3      | Killed Jessica
  3121 | D:3      | Noticed a phantom
  3140 | D:3      | Killed a phantom
  3140 | D:3      | Reached XP level 6. HP: 22/36 MP: 2/11
  3521 | D:3      | Found a shadowy altar of Dithmenos.
  4071 | D:4      | Reached skill level 6 in Summonings
  5079 | D:5      | Entered Level 5 of the Dungeon
  5398 | D:5      | Found a staircase to the Ecumenical Temple.
  5407 | D:5      | Reached XP level 7. HP: 40/40 MP: 4/13
  5499 | Temple   | Entered the Ecumenical Temple
  5629 | Temple   | Became a worshipper of Hepliaklqana the Forgotten
  5793 | D:5      | Learned a level 4 spell: Ice Form
  6261 | D:5      | Found a runed translucent gate.
  6262 | D:5      | Found a runed translucent gate.
  6262 | D:5      | Noticed rayg00n's ghost (amateur DsSu)
  6263 | D:5      | Found a runed translucent gate.
  6270 | D:5      | Identified the +5 dagger of Peace {flame, rPois Str+2}
  6537 | D:5      | Found a roughly hewn altar of Beogh.
  6787 | D:6      | Reached skill level 1 in Ice Magic
  7033 | D:6      | Reached * piety under Hepliaklqana
  7425 | D:6      | Reached XP level 8. HP: 23/41 MP: 13/15
  8277 | D:6      | Reached skill level 5 in Dodging
  8277 | D:6      | Reached skill level 7 in Summonings
  9404 | D:7      | Reached ** piety under Hepliaklqana
  9405 | D:7      | Remembered your ancestor Lux as a hexer
  9447 | D:7      | Learned a level 3 spell: Summon Guardian Golem
  9464 | D:7      | Reached XP level 9. HP: 46/46 MP: 11/17
  9806 | D:8      | Noticed a hornet
  9845 | D:8      | Reached skill level 5 in Polearms
  9882 | D:8      | Found a transporter.
  9882 | D:8      | Noticed ikjuyhgtrf's ghost (journeyman GrEE)
  9884 | D:8      | Found a transporter.
  9885 | D:8      | Noticed a centaur warrior
  9886 | D:8      | Noticed a two-headed ogre
  9900 | D:8      | Noticed a hornet
  9958 | D:8      | Killed a hornet
  9958 | D:8      | Reached skill level 5 in Spellcasting
 10279 | D:8      | Learned a level 4 spell: Summon Ice Beast
 10322 | D:8      | Noticed a two-headed ogre
 10344 | D:8      | Killed a two-headed ogre
 10344 | D:8      | Reached skill level 5 in Fighting
 10344 | D:8      | Reached skill level 8 in Summonings
 10577 | D:8      | Killed a hornet
 10611 | D:8      | Noticed a manticore
 10631 | D:8      | Killed a manticore
 11088 | D:8      | Noticed a hornet
 11106 | D:8      | Killed a hornet
 11106 | D:8      | Reached XP level 10. HP: 54/54 MP: 8/19
 11189 | D:8      | Identified the Reference Book on the Toxic Escort
 11840 | D:9      | Learned a level 1 spell: Sting
 11948 | D:9      | Reached skill level 9 in Summonings
 11948 | D:9      | Reached skill level 1 in Poison Magic
 12653 | D:9      | Found an iron altar of Okawaru.
 13268 | D:9      | Learned a level 3 spell: Mephitic Cloud
 13290 | D:10     | Entered Level 10 of the Dungeon
 13473 | D:10     | Reached *** piety under Hepliaklqana
 13538 | D:10     | Found a staircase to the Orcish Mines.
 14306 | Orc:1    | Entered Level 1 of the Orcish Mines
 14321 | Orc:1    | Noticed an orc high priest
 14323 | Orc:1    | Reached XP level 11. HP: 48/60 MP: 6/22
 14327 | Orc:1    | Noticed a soul eater
 14447 | D:11     | Reached skill level 10 in Summonings
 14512 | D:11     | Noticed a white ugly thing
 14910 | D:11     | Found a staircase to the Lair.
 15009 | D:11     | Reached **** piety under Hepliaklqana
 15319 | D:11     | Noticed a four-headed hydra
 15338 | D:11     | Killed a four-headed hydra
 15461 | D:11     | Killed a white ugly thing
 15586 | D:11     | Found Mixueq's Magic Scroll Emporium.
 15790 | D:11     | Bought 2 scrolls of fear for 84 gold pieces
 15790 | D:11     | Bought a scroll of identify for 24 gold pieces
 15790 | D:11     | Bought a scroll of identify for 24 gold pieces
 15790 | D:11     | Bought 3 scrolls of identify for 72 gold pieces
 15790 | D:11     | Bought a scroll of identify for 24 gold pieces
 15791 | D:11     | Identified a scroll of acquirement
 15832 | D:11     | Acquired a +2 hat of magic resistance
 15911 | D:11     | Found Cefuqepp's Weapon Boutique.
 16081 | D:11     | Found Puiwelox's Assorted Antiques.
 16098 | D:11     | Got a fabulously ornate robe
 16108 | D:11     | Identified the cursed +1 robe "Xeat" {Str+4 Dex+4} (You
                  | found it on level 11 of the Dungeon)
 16277 | D:11     | Bought a small ivory ring for 135 gold pieces
 16278 | D:11     | Bought a marble ring for 135 gold pieces
 16443 | D:12     | Noticed a five-headed hydra
 16454 | D:12     | Killed a five-headed hydra
 16454 | D:12     | Reached skill level 5 in Poison Magic
 16547 | D:12     | Noticed a manticore
 16569 | D:12     | Killed a manticore
 16727 | D:12     | Noticed a skeletal warrior
 16727 | D:12     | Noticed a skeletal warrior
 16966 | D:11     | Killed a skeletal warrior
 17098 | D:12     | Noticed a skeletal warrior
 17098 | D:12     | Noticed a skeletal warrior
 17185 | D:11     | Killed a skeletal warrior
 17185 | D:11     | Reached skill level 11 in Summonings
 17839 | D:11     | Killed a skeletal warrior
 17839 | D:11     | Reached XP level 12. HP: 67/67 MP: 0/25
 17845 | D:11     | Learned a level 4 spell: Summon Lightning Spire
 18115 | D:11     | Found a staircase to the Lair.
 18218 | D:11     | Found Cefuqepp's Weapon Boutique.
 18224 | D:11     | Found Mixueq's Magic Scroll Emporium.
 18281 | D:11     | Found Puiwelox's Assorted Antiques.
 19418 | D:13     | Noticed a centaur warrior
 19420 | D:13     | Noticed a vault guard
 19437 | D:13     | Killed a centaur warrior
 19759 | D:13     | Killed a vault guard
 19790 | D:13     | Noticed a vault guard
 19816 | D:13     | Killed a vault guard
 19940 | D:13     | Noticed a vault guard
 20070 | D:13     | Killed a vault guard
 20472 | D:13     | Noticed a six-headed hydra
 20495 | D:13     | Killed a six-headed hydra
 21271 | D:13     | Found a gate to the Vaults.
 21271 | D:13     | Noticed a vault guard
 21272 | D:13     | Noticed a vault guard
 21355 | D:13     | Killed a vault guard
 21364 | D:13     | Killed a vault guard
 21681 | Lair:1   | Entered Level 1 of the Lair of Beasts
 21723 | Lair:1   | Reached skill level 10 in Polearms
 21826 | Lair:1   | Noticed a five-headed hydra
 21839 | Lair:1   | Killed a five-headed hydra
 21839 | Lair:1   | Reached skill level 12 in Summonings
 22236 | Lair:1   | Found a runed translucent door.
 22236 | Lair:1   | Noticed Qipras's ghost (journeyman GrFE)
 22618 | Lair:1   | Killed Qipras's ghost
 22618 | Lair:1   | Reached XP level 13. HP: 69/72 MP: 19/27
 22891 | D:5      | Killed rayg00n's ghost
 23145 | D:8      | Killed ikjuyhgtrf's ghost
 23540 | Lair:2   | Reached ***** piety under Hepliaklqana
 23797 | Lair:2   | Reached skill level 1 in Shields
 24629 | Lair:3   | Reached skill level 10 in Fighting
 25051 | Lair:3   | Found a staircase to the Shoals.
 25573 | Lair:4   | Noticed Nessos
 25596 | Lair:4   | Killed Nessos
 25984 | Lair:4   | Noticed Nergalle
 25997 | Lair:4   | Killed Nergalle
 26073 | Lair:4   | Found a staircase to the Snake Pit.
 26082 | Lair:4   | Found a blossoming altar of Fedhas.
 27176 | Lair:5   | Found a bloodstained altar of Trog.
 27176 | Lair:5   | Noticed kirranu's ghost (journeyman GrBe)
 27176 | Lair:5   | Identified the cursed +3 spear of Infinity {flame, *Noise
                  | +Inv Dex+6 Stlth+}
 27183 | Lair:5   | Found a transporter.
 27204 | Lair:5   | Identified the +6 trident of Watchfulness {chaos, rPois}
 28366 | Lair:4   | Reached skill level 13 in Summonings
 28412 | Lair:5   | Found a viscous altar of Jiyva.
 28414 | Lair:5   | Found a staircase to the Slime Pits.
 28477 | Lair:5   | Reached XP level 14. HP: 79/79 MP: 22/28
 28648 | Lair:5   | Reached skill level 10 in Spellcasting
 28945 | Lair:5   | Found a transporter.
 29280 | Lair:6   | Entered Level 6 of the Lair of Beasts
 30009 | Orc:1    | Found Mohedoxu's Jewellery Shop.
 30057 | Orc:1    | Bought the ring of Kusuon {rPois rF++ Dex+2 SInv} for 622
                  | gold pieces
 30183 | Orc:1    | Learned a level 6 spell: Shadow Creatures
 30267 | Orc:2    | Entered Level 2 of the Orcish Mines
 30272 | Orc:2    | Noticed Saint Roka
 32286 | Orc:2    | Found Acsafrit's Distillery.
 32287 | Orc:2    | Noticed Jorgrun
 32392 | Orc:2    | Killed Jorgrun
 32608 | Orc:2    | Reached skill level 10 in Dodging
 32963 | Orc:2    | Found Ajufi's General Store.
 32963 | Orc:2    | Found Izuff's Antique Armour Emporium.
 33591 | Orc:2    | Found a staircase to the Elven Halls.
 33598 | Orc:2    | Found Nanao's Book Boutique.
 34713 | Orc:1    | Noticed a stone giant
 34742 | Orc:1    | Killed a stone giant
 34931 | Orc:2    | Bought a potion of heal wounds for 80 gold pieces
 34931 | Orc:2    | Bought a potion of curing for 48 gold pieces
 34931 | Orc:2    | Bought a potion of curing for 48 gold pieces
 34931 | Orc:2    | Bought a potion of heal wounds for 80 gold pieces
 34946 | Orc:2    | Bought a scroll of enchant armour for 127 gold pieces
 34946 | Orc:2    | Bought a scroll of fear for 59 gold pieces
 34946 | Orc:2    | Bought a scroll of teleportation for 51 gold pieces
 35026 | Orc:2    | Found a roughly hewn altar of Beogh.
 36057 | D:15     | Entered Level 15 of the Dungeon
 36157 | D:14     | Noticed Rupert
 36197 | D:14     | Killed Rupert
 36230 | D:14     | Noticed Josephine
 36253 | D:14     | Killed Josephine
 36253 | D:14     | Reached skill level 14 in Summonings
 36331 | D:14     | Reached XP level 15. HP: 56/85 MP: 2/30
 37170 | D:14     | Learned a level 2 spell: Blink
 37716 | D:15     | Reached skill level 1 in Translocations
 38297 | D:15     | Found a staircase to the Depths.
 38572 | D:15     | Reached ****** piety under Hepliaklqana
 40174 | Orc:1    | Killed Saint Roka
 40417 | Snake:1  | Entered Level 1 of the Snake Pit
 42966 | Orc:1    | Bought the ring of Qedughar {rElec rC+ rCorr} for 533 gold
                  | pieces
 43192 | Slime:1  | Entered Level 1 of the Pits of Slime
 43192 | Slime:1  | Noticed an azure jelly
 43254 | Shoals:1 | Entered Level 1 of the Shoals
 43368 | Shoals:1 | Reached skill level 15 in Summonings
 44993 | Shoals:1 | Reached XP level 16. HP: 78/92 MP: 19/32
 46394 | Shoals:2 | HP: 3/92 [merfolk javelineer/javelin (18)]
 46890 | Shoals:2 | Identified the +11 whip of Contention {vorpal, Stlth+}
 46920 | Shoals:2 | Hit by a boomerang thrown by a merfolk

Illustrated notes

Levels and vault maps discovered:
D:1:      ncdulo_halloftheorcs, layout_rooms
D:2:      layout_basic, lemuel_doored_altar, grunt_temple_overflow_open,
          nicolae_underground_beach
D:3:      layout_loops_cross, eat_drink_and_be_merry_uskayaw,
          nicolae_dithmenos_shadow_blocks, uniq_jessica
D:4:      layout_gridville, corexii_corridor_pit, nicolae_zen_rock_garden
D:5:      layout_layer_cave, minmay_temple_entry_proselytizer,
          biasface_ghost_orc_armoury
D:6:      layout_basic, minmay_crystal_water, chequers_jeans
D:7:      layout_rooms, kennysheep_windowed_goal
D:8:      layout_loops_ring, gammafunk_ghost_arena, minmay_diamond_spiral
D:9:      layout_roguey, okawaru_metal_pillars_1_2, minmay_joined_circles
D:10:     layout_irregular_city, orc_0_dummy
D:11:     layout_irregular_city, erik_lair_orcish_takeover, serial_shops,
          nicolae_shop_statue_plus, shop, shop_statue
D:12:     layout_rooms
D:13:     layout_basic, grunt_vaults_entry_fortified, serial_curves,
          eino_curves_03, eino_curves_03, eino_curves_03
D:14:     minmay_inside_and_out, layout_irregular_city,
          hangedman_corner_corridor, uniq_josephine, uniq_rupert
D:15:     grunt_enter_depths_hoard, layout_basic, special_room
          [special_room_mythical_zoo], portal_ice_cave_rime,
          serial_park_tiny_pond, hangedman_abyss_or_decor_stagger,
          lightli_corner_chamber
Temple:   nicolae_temple_great_sept
Lair:1:   layout_cave_shapes, hellmonk_ghost_happy_afterlife, minivault_24,
          grunt_forest_small_clearings, minivault_27
Lair:2:   layout_misc_corridors
Lair:3:   layout_loops_ring, minmay_shoals_entry_hut, grunt_megastairs_3
Lair:4:   statuecave_lemuel, layout_cave_pods, dummy_snake_entry, basic_altar,
          uniq_nessos, uniq_nergalle
Lair:5:   layout_long_grid, slime_altar_1, gammafunk_ghost_wrathful_warriors
Lair:6:   minmay_lair_end_frog_pond, layout_gridlike, uniq_snorg
Shoals:1: layout_shoals, ldierk_geyser
Shoals:2: nzn_motion_control, layout_shoals, regret_index_shoals_crete
Snake:1:  layout_chambers, drop_trap
Slime:1:  layout_caves
Orc:1:    layout_caves, enter_bailey_3, serial_shops, shop
Orc:2:    st_orc_open, layout_caves, gauntlet_entry_generic, basic_altar,
          minmay_orc_barracks, uniq_jorgrun, uniq_saint_roka

Skill      XL: |  1  2  3  4  5  6  7  8  9 10 11 12 13 14 15 16 |
---------------+-------------------------------------------------+-----
Summonings     | 5 6 7 8 9 11 12 13 14 15 | 15.4
Fighting       | 1 2 3 4 5 7 8 9 10 11 12 | 12.7
Polearms       | 1 2 3 4 6 7 9 10 11 12 | 12.0
Dodging        | 3 4 5 6 7 9 10 11 12 | 12.3
Spellcasting   | 3 4 5 6 8 9 10 11 12 | 12.0
Ice Magic      | 2 4 |  4.0
Poison Magic   | 3 5 6 |  6.0
Shields        | 3 4 |  4.0
Translocations | 3 |  3.2
Stealth        | |  2.0

Action                   |  1- 3 |  4- 6 |  7- 9 | 10-12 | 13-15 | 16-18 || total
-------------------------+-------+-------+-------+-------+-------+-------++-------
Melee: Club              |    11 |       |       |       |       |       ||    11
       Kick              |     3 |     6 |    16 |    68 |   192 |    17 ||   302
       Spear             |    32 |    75 |   199 |   588 |  1192 |    76 ||  2162
       Peck              |     3 |     6 |    10 |    45 |   118 |    10 ||   192
       Dagger            |     1 |       |       |       |       |       ||     1
Throw: Dart              |       |    10 |     2 |     7 |     8 |       ||    27
 Cast: Summon Small Mamm |    60 |    11 |    40 |    18 |    18 |     4 ||   151
       Call Imp          |    21 |    21 |    54 |    65 |    28 |    21 ||   210
       Call Canine Famil |     2 |    18 |    39 |    48 |    56 |     3 ||   166
       Summon Ice Beast  |       |       |     3 |   170 |   291 |    28 ||   492
       Summon Guardian G |       |       |     3 |    23 |    28 |     1 ||    55
       Summon Lightning  |       |       |       |    22 |   101 |     9 ||   132
       Mephitic Cloud    |       |       |       |       |     6 |       ||     6
       Shadow Creatures  |       |       |       |       |    73 |     7 ||    80
Invok: Recall Ancestor   |       |       |     8 |     7 |    19 |       ||    34
       Ancestor Identity |       |       |     2 |     1 |       |       ||     3
       Ancestor Life: He |       |       |     1 |       |       |       ||     1
 Abil: Fly               |       |     1 |       |       |       |       ||     1
Evoke: Wand              |       |       |       |     2 |     4 |       ||     6
  Use: Scroll            |     4 |     5 |     8 |    15 |    31 |       ||    63
       Potion            |       |       |       |     4 |    24 |     1 ||    29
 Stab: Sleeping          |     4 |     1 |     4 |     1 |    11 |       ||    21
       Distracted        |       |     1 |     3 |    19 |    39 |     4 ||    66
       Confused          |       |       |       |     3 |    19 |     1 ||    23
       Paralysed         |       |       |       |       |    11 |     4 ||    15
Armor: Robe              |     5 |     3 |    10 |     4 |       |       ||    22
       Leather armour    |       |       |       |     1 |       |       ||     1
       Steam dragon scal |       |       |       |    24 |    86 |     7 ||   117
       Skin              |       |       |       |       |     6 |       ||     6
Dodge: Dodged            |    47 |    17 |    94 |   244 |   576 |    53 ||  1031
Block: Buckler           |       |       |       |       |   223 |    26 ||   249

Table legend: (Time is in decaauts)
 A = Elapsed time spent in this place.
 B = Non-inter-level travel time spent in this place.
 C = Inter-level travel time spent in this place.
 D = Time resting spent in this place.
 E = Time spent auto-exploring this place.
 F = Levels seen in this place.
 G = Mean time per level.
                   A        B        C        D        E       F      G
               +--------+--------+--------+--------+--------+-----+--------+
         Total |  43713 |  41405 |   2308 |  12082 |  16533 |  28 | 1561.2 |
       Dungeon |  24660 |  23273 |   1387 |   5019 |  10829 |  15 | 1644.0 |
        Temple |    158 |    156 |      2 |      0 |     83 |   1 |  158.0 |
          Lair |   6878 |   6175 |    703 |   1218 |   3416 |   6 | 1146.3 |
        Shoals |   3413 |   3413 |      0 |   1651 |    675 |   2 | 1706.5 |
     Snake Pit |   2277 |   2231 |     46 |    953 |    620 |   1 | 2277.0 |
    Slime Pits |      1 |      1 |      0 |      0 |      0 |   1 |    1.0 |
  Orcish Mines |   6323 |   6155 |    168 |   3239 |    907 |   2 | 3161.5 |
               +--------+--------+--------+--------+--------+-----+--------+

Top non-repeatable levels by time:
   Orc:1: 4207 daAuts
    D:11: 3570 daAuts
    D:13: 2710 daAuts
  Lair:4: 2393 daAuts
 Snake:1: 2277 daAuts
     D:6: 2151 daAuts
   Orc:2: 2115 daAuts
Shoals:1: 2064 daAuts
     D:8: 1948 daAuts
  Lair:5: 1651 daAuts
    D:14: 1650 daAuts
     D:9: 1623 daAuts
     D:2: 1572 daAuts
    D:15: 1536 daAuts
    D:10: 1408 daAuts
